[Event "Titled Tuesday Blitz June 28 Late 2022"]
[White "Ladan, Nicholas"]
[Black "Rosenberg, Evan S"]
[WhiteFideId "30918855"]
[BlackFideId "2019299"]
[WhiteElo "2167"]
[BlackElo "2189"]
[Result "1-0"]
[Round "04"]
[TimeControl "180+1"]
[Date "2022.06.29"]
[WhiteClock "0:02:48"]
[BlackClock "0:00:37"]

1. d4 Nf6 2. Bf4 b6 3. e3 Bb7 4. Nf3 Nh5 5. Bg5 h6 6. Bh4 g5 7. Ne5 Nf4 8. exf4 gxh4 9. Qh5 Rh7 10. Bd3 d6 11. Bxh7 dxe5 12. dxe5 Bxg2 13. e6 Qd1+ 14. Kxd1 Bf3+ 15. Qxf3 fxe6 16. Qxa8 Bg7 17. Qxb8+ Kf7 18. f5 Bxb2 19. fxe6+ Kg7 20. Qg8+ Kf6 21. Qf7+ Kg5 22. Qf5# 1-0


[Site "https://www.chess.com"]

[Event "Titled Tuesday Blitz June 28 Late 2022"]
[White "Lashkin, Jegor"]
[Black "Oparin, Grigoriy"]
[WhiteFideId "13907808"]
[BlackFideId "24125890"]
[WhiteElo "2368"]
[BlackElo "2639"]
[Result "1-0"]
[Round "04"]
[TimeControl "180+1"]
[Date "2022.06.28"]
[WhiteClock "0:00:10"]
[BlackClock "0:00:32"]

1. d4 Nf6 2. c4 g6 3. Nc3 d5 4. Nf3 Bg7 5. Bg5 dxc4 6. e4 O-O 7. Bxc4 c5 8. dxc5 h6 9. Bf4 Nfd7 10. Be3 Na6 11. Bxa6 bxa6 12. Qd2 Bb7 13. Bxh6 Nxc5 14. Bxg7 Kxg7 15. O-O-O Qxd2+ 16. Kxd2 Nxe4+ 17. Nxe4 Bxe4 18. Ke3 Bc6 19. Rc1 Rac8 20. Rhd1 a5 21. g3 Bxf3 22. Kxf3 e6 23. Ke3 g5 24. Rxc8 Rxc8 25. Rd7 Rc2 26. Rxa7 Rxb2 27. Rxa5 Kg6 28. h4 gxh4 29. gxh4 f6 30. Kf3 e5 31. Kg3 Rc2 32. Ra6 Rc3+ 33. Kg2 Rc4 34. Kg3 Rc3+ 35. Kg2 Kf5 36. Ra4 Rd3 37. Ra6 Rd4 38. Kg3 Rg4+ 39. Kh3 Rf4 40. Kg3 Rg4+ 41. Kh3 Rg1 42. a4 Ra1 43. a5 Ra2 44. Kg2 Ra3 45. Ra8 Kg4 46. a6 e4 47. a7 Kf4 48. h5 Ra2 49. h6 e3 50. h7 e2 51. Re8 1-0


[Site "https://www.chess.com"]

[Event "Titled Tuesday Blitz June 28 Late 2022"]
[White "Laurusas, Tomas"]
[Black "Svane, Rasmus"]
[WhiteFideId "12803731"]
[BlackFideId "4657101"]
[WhiteElo "2442"]
[BlackElo "2674"]
[Result "1-0"]
[Round "04"]
[TimeControl "180+1"]
[Date "2022.06.28"]
[WhiteClock "0:00:05"]
[BlackClock "0:00:04"]

1. d4 Nf6 2. c4 e6 3. Nf3 d5 4. Nc3 a6 5. cxd5 exd5 6. Bg5 Be6 7. e3 Nbd7 8. Bd3 Bd6 9. h3 c6 10. Qc2 Qc7 11. O-O-O h6 12. Bxf6 Nxf6 13. Kb1 O-O-O 14. Rc1 Kb8 15. Na4 Rc8 16. Nc5 Nd7 17. Nb3 c5 18. dxc5 Nxc5 19. Nxc5 Bxc5 20. Nd4 Qb6 21. Qa4 Be7 22. Rxc8+ Rxc8 23. Rc1 Rxc1+ 24. Kxc1 Bf6 25. Kc2 Qc7+ 26. Kd2 Qh2 27. Bf1 Qg1 28. Ke1 Kc7 29. Qa5+ Kb8 30. Qb6 Bxd4 31. Qxd4 g6 32. Qf4+ Ka7 33. b3 Bf5 34. Qd4+ Ka8 35. Qxd5 h5 36. Ke2 Be6 37. Qd8+ Ka7 38. Qd6 Ka8 39. e4 Ka7 40. Qd3 Ka8 41. Ke3 Qh2 42. Qd8+ Ka7 43. Qd4+ Ka8 44. Kf3 Qg1 45. Bc4 Qc1 46. Bxe6 fxe6 47. Qd8+ Ka7 48. Qd4+ Ka8 49. Qe3 Qc6 50. Kf4 Qd6+ 51. Kg5 e5 52. Qf3 Qb6 53. Qf6 Qd4 54. Qxg6 Qxf2 55. Kxh5 Qxa2 56. g4 Qxb3 57. Qe8+ Ka7 58. Qxe5 Qxh3+ 59. Kg5 Qe3+ 60. Kf5 Qf3+ 61. Qf4 Qd3 62. g5 Qd7+ 63. Kf6 Qd8+ 64. Kg7 Qe7+ 65. Kh6 Qe6+ 66. g6 a5 67. Qf5 Qd6 68. e5 Qd2+ 69. Kh7 Qh2+ 70. Kg8 a4 71. g7 a3 72. Kf8 a2 73. Qf1 Qh6 74. Qf2+ Kb8 75. Qxa2 Qf4+ 76. Qf7 Qb4+ 77. Qe7 Qf4+ 78. Ke8 Qa4+ 79. Qd7 Qe4 80. Qd6+ Ka7 81. g8=Q Qa4+ 82. Ke7 Qe4 83. Qg5 Qc4 84. Qe3+ Ka8 85. Qea3+ Qa6 86. Qaxa6+ bxa6 87. Qxa6+ Kb8 88. Qd6+ Ka8 89. Qd7 1-0


[Site "https://www.chess.com"]

[Event "Titled Tuesday Blitz June 28 Late 2022"]
[White "Le Hetet, Nicolas"]
[Black "Tymrakiewicz, Rafal"]
[WhiteFideId "634824"]
[BlackFideId "1108832"]
[WhiteElo "2313"]
[BlackElo "2205"]
[Result "0-1"]
[Round "04"]
[TimeControl "180+1"]
[Date "2022.06.29"]
[WhiteClock "0:02:23"]
[BlackClock "0:01:53"]

1. e4 Nf6 2. e5 Nd5 3. d4 d6 4. c4 Nb6 5. exd6 cxd6 6. Nc3 g6 7. Be3 Bg7 8. Rc1 O-O 9. b3 Bf5 10. Be2 d5 11. c5 Nc8 12. Nf3 Nc6 13. O-O Bg4 14. b4 a6 15. Rb1 e6 16. a4 N8e7 17. b5 axb5 18. axb5 Na5 19. Nd2 Bxe2 20. Nxe2 Nf5 21. Qc1 Nxe3 22. f3 Nxf1 0-1


[Site "https://www.chess.com"]

[Event "Titled Tuesday Blitz June 28 Late 2022"]
[White "Leenhouts, Koen"]
[Black "Bortnyk, Olexandr"]
[WhiteFideId "1008439"]
[BlackFideId "14120828"]
[WhiteElo "2409"]
[BlackElo "2723"]
[Result "0-1"]
[Round "04"]
[TimeControl "180+1"]
[Date "2022.06.28"]
[WhiteClock "0:00:03"]
[BlackClock "0:00:16"]

1. d4 d6 2. c4 e5 3. d5 f5 4. Nc3 Nf6 5. e4 fxe4 6. Nge2 Bf5 7. Ng3 Bg6 8. h4 h6 9. h5 Bh7 10. Be3 Be7 11. Qc2 Na6 12. a3 O-O 13. Ngxe4 Ng4 14. Bd3 Nxe3 15. fxe3 Kh8 16. b4 c6 17. O-O-O Rc8 18. Kb2 Qb6 19. c5 dxc5 20. Na4 Qd8 21. d6 Bg5 22. Naxc5 Bxe3 23. Ne6 Qb6 24. d7 Bd4+ 25. Kb1 Nxb4 26. Qb3 Nxd3 27. Qxb6 axb6 28. Rhf1 Bxe4 29. Rxf8+ Rxf8 30. Nxf8 Nc5+ 31. Ka2 Nxd7 32. Nxd7 Bxg2 33. Re1 e4 34. Nf8 e3 35. Ng6+ Kh7 36. Kb3 b5 37. Kc2 Be4+ 38. Kb3 Bxg6 39. hxg6+ Kxg6 40. Kc2 c5 41. Kd3 h5 42. Rg1+ Kf5 43. Rf1+ Kg4 44. Rf7 h4 45. Rxb7 h3 46. Rxb5 h2 47. Rb1 Kf3 48. a4 e2 49. a5 Bg1 50. a6 h1=Q 51. a7 Qh7+ 52. Kc4 Qe4+ 53. Kb5 Qxb1+ 54. Kc6 Qe4+ 0-1


[Site "https://www.chess.com"]

[Event "Titled Tuesday Blitz June 28 Late 2022"]
[White "Leiva, Gianmarco"]
[Black "Eynullayev, Atilla"]
[WhiteFideId "3804399"]
[BlackFideId "13413570"]
[WhiteElo "2703"]
[BlackElo "2473"]
[Result "1-0"]
[Round "04"]
[TimeControl "180+1"]
[Date "2022.06.29"]
[WhiteClock "0:00:40"]
[BlackClock "0:00:05"]

1. e4 c5 2. Nf3 d6 3. Bb5+ Nc6 4. O-O Bd7 5. Re1 Nf6 6. c3 a6 7. Bf1 Bg4 8. d4 cxd4 9. cxd4 e5 10. d5 Nd4 11. Be3 Nxf3+ 12. gxf3 Bd7 13. Nd2 b5 14. a4 Be7 15. axb5 axb5 16. Rxa8 Qxa8 17. Qa1 O-O 18. Nb3 Rc8 19. Qxa8 Rxa8 20. Ra1 Rxa1 21. Nxa1 Nh5 22. Nc2 Bd8 23. b4 f5 24. Na3 Nf6 25. Bg5 Bb6 26. Bxb5 Bc8 27. Nc4 Bc7 28. Bc6 Nd7 29. Be7 Kf7 30. Bxd6 Nb6 31. Nxb6 1-0


[Site "https://www.chess.com"]

[Event "Titled Tuesday Blitz June 28 Late 2022"]
[White "Leve, Nitai"]
[Black "Caputcuoglu, Zeki Berke"]
[WhiteFideId "2006898"]
[BlackFideId "34548610"]
[WhiteElo "2144"]
[BlackElo "1368"]
[Result "1-0"]
[Round "04"]
[TimeControl "180+1"]
[Date "2022.06.29"]
[WhiteClock "0:00:38"]
[BlackClock "0:00:49"]

1. e4 e5 2. Nf3 Nc6 3. Bb5 a6 4. Ba4 Nf6 5. d4 Nxe4 6. O-O b5 7. Bb3 d5 8. Nxe5 Nxe5 9. dxe5 Be6 10. Nd2 Nc5 11. f4 Qd7 12. c3 Nxb3 13. Nxb3 c5 14. Be3 Rc8 15. Qf3 g6 16. Qf2 Qc7 17. Rad1 Be7 18. f5 Bxf5 19. Rxd5 Be6 20. Rd2 O-O 21. Kh1 Qxe5 22. Bh6 Rfd8 23. Re2 Qh5 24. Rxe6 Bd6 25. Qxf7+ 1-0


[Site "https://www.chess.com"]

[Event "Titled Tuesday Blitz June 28 Late 2022"]
[White "Livaic, Leon"]
[Black "Janaszak, Dawid"]
[WhiteFideId "14531534"]
[BlackFideId "1119206"]
[WhiteElo "2540"]
[BlackElo "2199"]
[Result "0-1"]
[Round "04"]
[TimeControl "180+1"]
[Date "2022.06.28"]
[WhiteClock "0:00:19"]
[BlackClock "0:00:42"]

1. e4 c5 2. Nf3 Nc6 3. d4 cxd4 4. Nxd4 g6 5. c4 Bg7 6. Be3 Qb6 7. Nb3 Qd8 8. Qd2 Nf6 9. Nc3 O-O 10. Be2 a5 11. O-O a4 12. Nd4 Nxd4 13. Bxd4 d6 14. Rac1 Qa5 15. Rfd1 Be6 16. Nd5 Qxd2 17. Nxf6+ Bxf6 18. Rxd2 Bg5 19. Be3 Bxe3 20. fxe3 Rfc8 21. Kf2 Ra5 22. Rdc2 Kg7 23. Bd3 Kf6 24. Ke2 Ke5 25. Kd2 h5 26. Rf1 Rac5 27. b3 axb3 28. axb3 Ra5 29. Rfc1 Ra3 30. Kc3 Rca8 31. Kb4 b6 32. Rc3 Bd7 33. R3c2 Bc6 34. Rf1 f6 35. Rf4 Ra1 36. h3 Re1 37. Rf3 Raa1 38. Rd2 Rad1 39. Rxd1 Rxd1 40. Kc3 Rxd3+ 41. Kxd3 Bxe4+ 42. Kc3 Bxf3 43. gxf3 g5 44. Kd3 f5 45. b4 g4 46. f4+ Kf6 47. h4 e5 48. Ke2 Ke6 49. Kd3 exf4 50. exf4 d5 51. c5 bxc5 52. bxc5 Kd7 53. Kd4 Kc6 54. Ke5 g3 0-1


[Site "https://www.chess.com"]

[Event "Titled Tuesday Blitz June 28 Late 2022"]
[White "Makarian, Rudik"]
[Black "Ambartsumova, Karina"]
[WhiteFideId "44105681"]
[BlackFideId "4166299"]
[WhiteElo "2398"]
[BlackElo "2262"]
[Result "0-1"]
[Round "04"]
[TimeControl "180+1"]
[Date "2022.06.28"]
[WhiteClock "0:01:16"]
[BlackClock "0:01:14"]

1. c4 e6 2. Nf3 Nf6 3. g3 d5 4. Bg2 dxc4 5. Qa4+ c6 6. Qxc4 b5 7. Qb3 Bb7 8. O-O Be7 9. a4 a6 10. d3 Nbd7 11. Bg5 O-O 12. Nc3 h6 13. Bxf6 Bxf6 14. Qc2 Qb6 15. Ne4 Be7 16. Rfc1 Rac8 17. h4 Rfd8 18. Nfd2 c5 19. Qc3 f5 20. axb5 axb5 21. Qb3 fxe4 22. Qc2 exd3 23. Qxd3 Bxg2 24. Kxg2 Qc6+ 25. Kg1 Ne5 26. Qe3 Ng4 27. Qe4 Nxf2 28. Kxf2 Rxd2 29. Qe3 Rf8+ 30. Kg1 Rd5 31. Kh2 Rdf5 32. Kg1 c4 33. b4 Bxb4 0-1


[Site "https://www.chess.com"]

[Event "Titled Tuesday Blitz June 28 Late 2022"]
[White "Mangialardo, Tiago Carvalho"]
[Black "Kohler, Aran"]
[WhiteFideId "2130718"]
[BlackFideId "1002856"]
[WhiteElo "2069"]
[BlackElo "2266"]
[Result "0-1"]
[Round "04"]
[TimeControl "180+1"]
[Date "2022.06.29"]
[WhiteClock "0:00:02"]
[BlackClock "0:00:31"]

1. e4 c6 2. d4 d5 3. exd5 cxd5 4. Bd3 a6 5. Nf3 Nc6 6. O-O Bg4 7. c3 Nf6 8. Be3 e6 9. Nbd2 Bd6 10. Qb3 Rb8 11. Bg5 O-O 12. Rfe1 b5 13. Qc2 h6 14. Bh4 Bxf3 15. Nxf3 Rc8 16. Qe2 Be7 17. Ne5 Nxe5 18. Qxe5 Nd7 19. Bxe7 Nxe5 20. Bxd8 Nxd3 21. Be7 Rfe8 22. Re3 Nxb2 23. Bb4 Nc4 24. Re2 a5 25. Bc5 Rb8 26. a3 f6 27. f4 Kf7 28. Kf2 g5 29. Kf3 e5 30. fxe5 fxe5 31. dxe5 Nxe5+ 32. Kg3 Nd3 33. Rxe8 Rxe8 34. Bd4 Nf4 35. Kf3 Ne6 36. Bf2 Rc8 37. Be1 d4 38. cxd4 Nxd4+ 39. Ke4 Rc4 40. Kd5 Nc2 41. Rb1 Nxe1 42. Rxe1 Rc3 43. Rf1+ Kg6 44. Rb1 Rxa3 45. Rxb5 Ra2 46. Rb6+ Kh5 47. Rb5 Rxg2 48. Ke4 a4 49. h3 a3 50. Kf3 Rh2 51. Kg3 Rb2 52. Ra5 a2 53. Kf3 Kh4 54. Ke4 Kxh3 55. Ra6 Kg4 56. Ke3 h5 57. Ke4 h4 58. Ke3 h3 59. Ra4+ Kg3 60. Ra3 Rf2 61. Ke4+ Kg2 0-1


[Site "https://www.chess.com"]

[Event "Titled Tuesday Blitz June 28 Late 2022"]
[White "Manukian, Artak"]
[Black "Petersson, Kjell"]
[WhiteFideId "13301373"]
[BlackFideId "1705148"]
[WhiteElo "2463"]
[BlackElo "2009"]
[Result "1-0"]
[Round "04"]
[TimeControl "180+1"]
[Date "2022.06.29"]
[WhiteClock "0:00:43"]
[BlackClock "0:00:18"]

1. e4 c5 2. Nf3 d6 3. Bb5+ Nc6 4. O-O Bd7 5. c3 a6 6. Bxc6 Bxc6 7. Re1 g6 8. d4 cxd4 9. cxd4 Bg7 10. Nc3 Nh6 11. e5 e6 12. d5 Bd7 13. exd6 O-O 14. Bg5 Qb6 15. Be7 Rfe8 16. dxe6 Bxe6 17. Nd5 Bxd5 18. Qxd5 Nf5 19. Rad1 Rad8 20. Bxd8 Rxd8 21. d7 Bf8 22. Re8 Nd6 23. Ne5 h6 24. Nxg6 Kg7 25. Rxf8 fxg6 26. Rxd8 Qxd8 27. Qxd6 1-0


[Site "https://www.chess.com"]

[Event "Titled Tuesday Blitz June 28 Late 2022"]
[White "Marin Masis, Jose Esteban"]
[Black "Gallegos Diaz, Carlos Alberto"]
[WhiteFideId "6508146"]
[BlackFideId "3900886"]
[WhiteElo "1710"]
[BlackElo "2362"]
[Result "0-1"]
[Round "04"]
[TimeControl "180+1"]
[Date "2022.06.29"]
[WhiteClock "0:00:37"]
[BlackClock "0:01:49"]

1. e4 d6 2. d4 Nf6 3. Nc3 c6 4. Nf3 Qa5 5. Bd2 e5 6. dxe5 dxe5 7. Bc4 Qc5 8. Bb3 Be7 9. O-O O-O 10. Be3 Qa5 11. Qe2 Nbd7 12. Nd2 Nc5 13. Nc4 Qc7 14. f3 b5 15. Nd2 a5 16. a4 Nxb3 17. Nxb3 b4 18. Nb1 Ba6 19. Qf2 Bxf1 20. Kxf1 c5 21. Nxc5 Rfc8 22. Nd3 Qxc2 23. Nd2 Qxd3+ 0-1


[Site "https://www.chess.com"]

[Event "Titled Tuesday Blitz June 28 Late 2022"]
[White "Marin Ramirez, Gerardo"]
[Black "Omariev, Maksim"]
[WhiteFideId "3901068"]
[BlackFideId "4193423"]
[WhiteElo "1920"]
[BlackElo "2443"]
[Result "0-1"]
[Round "04"]
[TimeControl "180+1"]
[Date "2022.06.29"]
[WhiteClock "0:00:01"]
[BlackClock "0:00:06"]

1. d4 d5 2. Nf3 Nf6 3. c4 c6 4. Nc3 g6 5. Bg5 Bg7 6. e3 O-O 7. h3 h6 8. Bf4 Bf5 9. cxd5 cxd5 10. Qb3 b6 11. Be2 Nc6 12. O-O Na5 13. Qb4 g5 14. Bh2 e6 15. Bd6 Re8 16. Bb5 Nd7 17. Rac1 a6 18. Be2 b5 19. Nxd5 exd5 20. Bc7 Qf6 21. Qxa5 Qe6 22. Bg3 Nf6 23. Nd2 h5 24. Rc7 h4 25. Be5 g4 26. hxg4 Nxg4 27. Bxg7 Kxg7 28. Bxg4 Bxg4 29. Rfc1 Qg6 30. R7c6 Qg5 31. Qc7 h3 32. Qf4 Qxf4 33. exf4 hxg2 34. Kxg2 Re2 35. R1c2 Bf5 36. Kf3 Rae8 37. b4 Bxc2 38. Rxc2 Re1 39. Nb3 Rb1 40. Nc5 Rh8 41. Nxa6 Rh3+ 42. Kg2 Ra3 0-1


[Site "https://www.chess.com"]

[Event "Titled Tuesday Blitz June 28 Late 2022"]
[White "Martinez Alcantara, Jose Eduardo"]
[Black "Boruchovsky, Avital"]
[WhiteFideId "3805662"]
[BlackFideId "2800055"]
[WhiteElo "2703"]
[BlackElo "2466"]
[Result "1/2-1/2"]
[Round "04"]
[TimeControl "180+1"]
[Date "2022.06.28"]
[WhiteClock "0:00:15"]
[BlackClock "0:00:10"]

1. e4 e6 2. d4 d5 3. Nc3 Bb4 4. e5 c5 5. a3 Bxc3+ 6. bxc3 Ne7 7. h4 b6 8. h5 h6 9. Bb5+ Bd7 10. a4 Qc7 11. Nf3 Nbc6 12. O-O O-O 13. Re1 a6 14. Bd3 cxd4 15. cxd4 Nb4 16. Bd2 Nxd3 17. cxd3 Rfc8 18. Bb4 Qd8 19. Qd2 Nc6 20. Bd6 Na5 21. Qe3 Rc2 22. g4 b5 23. axb5 Bxb5 24. g5 hxg5 25. Rad1 Nb3 26. Nxg5 Nxd4 27. Kh1 Nf5 28. Qf4 Rxf2 29. Qxf2 Qxg5 30. Qf3 Qh4+ 31. Kg2 Rc8 32. Re2 Nd4 33. Qf2 Qg4+ 34. Kf1 Nxe2 35. Qxe2 Qf5+ 36. Kg1 d4 37. Rf1 Qxd3 38. Qxd3 Bxd3 39. Rd1 Be2 40. Rxd4 Bxh5 41. Kg2 Be2 42. Kf2 Bb5 43. Bb4 Rc4 44. Rd8+ Kh7 45. Bd2 Kg6 46. Kg3 Re4 47. Bf4 Kf5 48. Rf8 f6 49. exf6 gxf6 50. Bc7 Rg4+ 51. Kf2 e5 52. Bd8 Rg6 53. Rf7 Ke6 54. Re7+ Kd5 55. Rf7 Ke6 56. Re7+ Kf5 57. Rf7 Bc4 58. Rc7 Bd5 59. Rd7 Ke6 60. Re7+ Kd6 61. Ra7 Bc4 62. Rb7 Kd5 63. Rf7 Ke4 64. Rxf6 Rxf6+ 65. Bxf6 a5 66. Ke1 a4 67. Kd2 Kf5 68. Bxe5 Kxe5 69. Kc2 a3 70. Kb1 Kd4 71. Ka1 Kc3 72. Kb1 Kb3 73. Ka1 a2 1/2-1/2


[Site "https://www.chess.com"]

[Event "Titled Tuesday Blitz June 28 Late 2022"]
[White "Matlakov, Maxim"]
[Black "So, Wesley"]
[WhiteFideId "4168003"]
[BlackFideId "5202213"]
[WhiteElo "2669"]
[BlackElo "2742"]
[Result "1/2-1/2"]
[Round "04"]
[TimeControl "180+1"]
[Date "2022.06.28"]
[WhiteClock "0:00:09"]
[BlackClock "0:00:11"]

1. d4 Nf6 2. Nf3 d5 3. c4 e6 4. g3 Be7 5. Bg2 O-O 6. O-O dxc4 7. Qc2 a6 8. a4 Bd7 9. Qxc4 Bc6 10. Bg5 Nbd7 11. Nc3 h6 12. Bxf6 Nxf6 13. Rfd1 a5 14. Ne5 Bd5 15. Nxd5 exd5 16. Qb3 Rb8 17. e3 c6 18. Nd3 Re8 19. Qc3 Ra8 20. Rdb1 Ra7 21. Bf3 h5 22. h4 Bd6 23. Kg2 g6 24. b4 axb4 25. Nxb4 Qa5 26. Qb2 Qc7 27. Nd3 Re7 28. Qc2 Kg7 29. Ra2 Qa5 30. Rab2 Ba3 31. Rb3 Bd6 32. Qb2 Qxa4 33. Nc5 Bxc5 34. dxc5 Qa5 35. Qd4 Qc7 36. Rb6 Qd7 37. R1b4 Qf5 38. Qb2 Qd7 39. Rf4 Re6 40. g4 hxg4 41. Bxg4 Qe7 42. Bxe6 Qxe6 43. Rxb7 Rxb7 44. Qxb7 Ne4 45. h5 gxh5 46. Qb2+ Kg8 47. f3 Nxc5 48. Qb8+ Kg7 49. Qb2+ Kg8 50. Qb8+ Kg7 51. Qb2+ Kg8 1/2-1/2


[Site "https://www.chess.com"]

[Event "Titled Tuesday Blitz June 28 Late 2022"]
[White "Melikhov, Evgeny V."]
[Black "Sailer, Mike"]
[WhiteFideId "4122046"]
[BlackFideId "2012901"]
[WhiteElo "1904"]
[BlackElo "2109"]
[Result "1-0"]
[Round "04"]
[TimeControl "180+1"]
[Date "2022.06.29"]
[WhiteClock "0:01:02"]
[BlackClock "0:00:02"]

1. d4 d5 2. c4 Bf5 3. cxd5 Bxb1 4. Qa4+ Qd7 5. Qxd7+ Nxd7 6. Rxb1 Ngf6 7. Nf3 Nb6 8. a3 Nbxd5 9. e3 e6 10. Be2 Be7 11. O-O O-O 12. Bd2 Ne4 13. Rfc1 Nxd2 14. Nxd2 c6 15. Ne4 Rfc8 16. Nc5 b6 17. Nd3 f6 18. Rc2 Bd6 19. Rbc1 Ne7 20. Bf3 Rc7 21. Bxc6 Rac8 22. Ba4 Rxc2 23. Rxc2 Rxc2 24. Bxc2 Nd5 25. Bb3 Nc7 26. f4 g6 27. e4 f5 28. e5 Be7 29. Kf2 Kf7 30. Ke3 Ke8 31. Ba4+ b5 32. Bb3 Kd7 33. h3 Kc6 34. g4 a5 35. Nc1 a4 36. Ba2 Nd5+ 37. Bxd5+ Kxd5 38. Kd3 b4 39. Ne2 bxa3 40. Nc3+ Kc6 41. bxa3 Bxa3 42. Nxa4 Bc1 43. Nc5 Kd5 44. Nd7 Bxf4 45. Nf6+ Kc6 46. Nxh7 fxg4 47. hxg4 g5 48. Ke4 Kb5 49. Nf8 Kc4 50. Nxe6 1-0


[Site "https://www.chess.com"]

[Event "Titled Tuesday Blitz June 28 Late 2022"]
[White "Meunier-Pion, Jean"]
[Black "Tatarinov, Dmitry"]
[WhiteFideId "20685327"]
[BlackFideId "24160067"]
[WhiteElo "2467"]
[BlackElo "2694"]
[Result "1-0"]
[Round "04"]
[TimeControl "180+1"]
[Date "2022.06.29"]
[WhiteClock "0:00:05"]
[BlackClock "0:00:19"]

1. e4 e5 2. Nf3 Nc6 3. Bb5 a6 4. Ba4 Nf6 5. d3 b5 6. Bb3 Bc5 7. c3 d6 8. a4 Rb8 9. O-O O-O 10. Nbd2 Bg4 11. Re1 b4 12. a5 bxc3 13. bxc3 Be6 14. Nc4 Ng4 15. Re2 f5 16. Ng5 fxe4 17. d4 Bd5 18. dxc5 dxc5 19. h3 Nf6 20. Rd2 Kh8 21. Rxd5 Qxd5 22. Qxd5 Nxd5 23. Ba2 Nxc3 24. Ne6 Rf6 25. Nxc5 Nd4 26. Be3 Rc6 27. Nd7 Re8 28. Ncxe5 Rd6 29. Nf7+ Kg8 30. Nxd6+ Nxa2 31. Nxe8 Ne2+ 32. Kf1 Nac3 33. Re1 Ng3+ 34. fxg3 Kf7 35. Rc1 Na4 36. Rxc7 Kxe8 37. Ne5 Nb2 38. Bc5 Nd3 39. Rc8# 1-0


[Site "https://www.chess.com"]

[Event "Titled Tuesday Blitz June 28 Late 2022"]
[White "Mickiewicz, Piotr"]
[Black "Hamitevici, Vladimir"]
[WhiteFideId "1114891"]
[BlackFideId "13902393"]
[WhiteElo "2209"]
[BlackElo "2359"]
[Result "1-0"]
[Round "04"]
[TimeControl "180+1"]
[Date "2022.06.29"]
[WhiteClock "0:01:13"]
[BlackClock "0:01:00"]

1. e4 g6 2. Nf3 Nf6 3. e5 Nh5 4. d4 d5 5. Be2 Ng7 6. O-O Bg4 7. h3 Bxf3 8. Bxf3 c6 9. c3 e6 10. Re1 h5 11. g3 Nf5 12. Nd2 Bh6 13. Nf1 Bxc1 14. Qxc1 Nd7 15. Ne3 h4 16. g4 Nxe3 17. Qxe3 g5 18. b3 O-O 19. Bg2 Kg7 20. c4 f6 21. cxd5 cxd5 22. exf6+ Qxf6 23. Rac1 Rf7 24. Rc7 Nf8 25. Rec1 Re8 26. Rxf7+ Kxf7 27. Bf1 Re7 28. a4 Ng6 29. a5 Nf4 30. b4 a6 31. Rc8 Qg6 32. Qe5 Qf6 33. Rf8+ 1-0


[Site "https://www.chess.com"]

[Event "Titled Tuesday Blitz June 28 Late 2022"]
[White "Mortazavi, Ali"]
[Black "Prieto Aranguren, Alain"]
[WhiteFideId "401323"]
[BlackFideId "2268906"]
[WhiteElo "2339"]
[BlackElo "2224"]
[Result "1-0"]
[Round "04"]
[TimeControl "180+1"]
[Date "2022.06.29"]
[WhiteClock "0:00:58"]
[BlackClock "0:00:07"]

1. Nf3 g6 2. e4 d5 3. exd5 Nf6 4. Nc3 Bg7 5. Bc4 O-O 6. O-O Nbd7 7. h3 Nb6 8. Bb3 Nbxd5 9. d4 b6 10. Re1 Bb7 11. Qe2 e6 12. Ne5 Nh5 13. Nxd5 Bxd5 14. c4 Bb7 15. Rd1 Qh4 16. Qg4 Qxg4 17. hxg4 Nf6 18. g5 Ne4 19. Bf4 Rfd8 20. f3 Nd6 21. Rd2 Nf5 22. Rad1 Bf8 23. g4 Nxd4 24. Rxd4 Bc5 25. Be3 Bxd4 26. Rxd4 Rxd4 27. Bxd4 Rd8 28. Bc3 Kf8 29. Kf2 Ke7 30. Ke3 a6 31. Bc2 c5 32. b4 Rc8 33. bxc5 bxc5 34. Ba4 Rb8 35. Nd3 Rc8 36. Nxc5 Rxc5 37. Bb4 Kd6 38. f4 a5 39. Ba3 Bc6 40. Bc2 1-0


[Site "https://www.chess.com"]

[Event "Titled Tuesday Blitz June 28 Late 2022"]
[White "Nathan, Nitish"]
[Black "Chernomordik, Pavel"]
[WhiteFideId "30927870"]
[BlackFideId "2804530"]
[WhiteElo "2254"]
[BlackElo "2220"]
[Result "1-0"]
[Round "04"]
[TimeControl "180+1"]
[Date "2022.06.29"]
[WhiteClock "0:01:45"]
[BlackClock "0:01:13"]

1. e4 g6 2. h4 d5 3. e5 Bg7 4. d4 c5 5. c3 f6 6. exf6 Nxf6 7. Nf3 Nc6 8. Bb5 Qb6 9. a4 Bg4 10. Be3 cxd4 11. Bxd4 Qc7 12. Nbd2 a6 13. Be5 Qc8 14. Bxc6+ bxc6 15. Qe2 O-O 16. Bd4 Rb8 17. b4 Bf5 18. Ne5 Ne4 19. Nxe4 Bxe4 20. f3 Bf5 21. g4 Be6 22. h5 g5 23. Qe3 Rf4 24. Nd3 Bxd4 25. cxd4 Rf7 26. Qxg5+ Rg7 27. Qe5 Bf7 28. h6 Rg6 29. Nf4 Rf6 30. g5 Rxf4 31. Qg7# 1-0


[Site "https://www.chess.com"]

[Event "Titled Tuesday Blitz June 28 Late 2022"]
[White "Navarrete Mendez, Gonzalo Alberto"]
[Black "Martinez, Shawn"]
[WhiteFideId "5106850"]
[BlackFideId "2039770"]
[WhiteElo "2261"]
[BlackElo "2174"]
[Result "1-0"]
[Round "04"]
[TimeControl "180+1"]
[Date "2022.06.29"]
[WhiteClock "0:00:07"]
[BlackClock "0:01:06"]

1. e4 c5 2. Nf3 e6 3. Nc3 a6 4. d4 cxd4 5. Nxd4 Bb4 6. Bd3 d6 7. O-O e5 8. Nf5 Bxf5 9. exf5 Bxc3 10. bxc3 Nf6 11. g4 h6 12. f4 Nc6 13. Qf3 Kd7 14. Rb1 Qc7 15. g5 hxg5 16. fxg5 Nh5 17. Qd5 Raf8 18. Be3 Kc8 19. Bb6 Qd7 20. Be3 f6 21. Rb6 Ne7 22. Qc4+ Qc7 23. Qe6+ Qd7 24. Qxd7+ Kxd7 25. Rxb7+ Kd8 26. Bb6+ Ke8 27. g6 Nf4 28. Bxa6 Nh3+ 29. Kg2 Nf4+ 30. Rxf4 exf4 31. Bb5+ Nc6 32. Bxc6# 1-0


[Site "https://www.chess.com"]

[Event "Titled Tuesday Blitz June 28 Late 2022"]
[White "Nozdrachev, Leonid"]
[Black "Gabdushev, Ruslan"]
[WhiteFideId "24113433"]
[BlackFideId "4137833"]
[WhiteElo "2129"]
[BlackElo "2312"]
[Result "1-0"]
[Round "04"]
[TimeControl "180+1"]
[Date "2022.06.29"]
[WhiteClock "0:01:51"]
[BlackClock "0:00:03"]

1. e4 Nc6 2. Nf3 d6 3. d4 Bg4 4. Bc4 e6 5. Be3 Nf6 6. h3 Bh5 7. Nc3 d5 8. exd5 exd5 9. Bb5 a6 10. Bxc6+ bxc6 11. g4 Bg6 12. Ne5 Qd6 13. Bf4 Qb4 14. Qe2 Ne4 15. O-O Qxb2 16. Nxg6 Qxc3 17. Nxh8 Qxd4 18. Rad1 Qf6 19. f3 Qxf4 20. fxe4 Qg3+ 21. Qg2 Bc5+ 22. Kh1 Qxg2+ 23. Kxg2 f6 24. exd5 Kf8 25. dxc6 Kg8 26. Rd7 Kxh8 27. Rxc7 1-0


[Site "https://www.chess.com"]

[Event "Titled Tuesday Blitz June 28 Late 2022"]
[White "Paravyan, David"]
[Black "Jeet, Jain"]
[WhiteFideId "4194985"]
[BlackFideId "5073022"]
[WhiteElo "2569"]
[BlackElo "2055"]
[Result "1-0"]
[Round "04"]
[TimeControl "180+1"]
[Date "2022.06.29"]
[WhiteClock "0:02:14"]
[BlackClock "0:00:41"]

1. e4 c6 2. d4 d5 3. Nc3 dxe4 4. Nxe4 Nd7 5. Qe2 e6 6. Bg5 Ngf6 7. O-O-O Be7 8. Nf3 h6 9. Nxf6+ Nxf6 10. Bxf6 Bxf6 11. h4 Qa5 12. Kb1 Bd7 13. Ne5 Bxe5 14. dxe5 c5 15. Rh3 Bc6 16. Rg3 g6 17. Rc3 h5 18. Qe3 b6 19. Qg5 Qb4 20. Rc4 Qa5 21. Rf4 b5 22. Rxf7 Kxf7 23. Qf6+ Ke8 24. Qxe6+ Kf8 25. Qf6+ Kg8 26. Qxg6+ Kf8 27. Qf6+ Kg8 28. Qxc6 Re8 29. Qxe8+ 1-0


[Site "https://www.chess.com"]